 Dungeon Crawl Stone Soup version 0.21.1-1-g345015f (webtiles) character file.

2 tidbits the Charmwright (level 1, 20/20 HPs)
             Began as a Gnoll Skald on June 20, 2018.
             Quit the game on level 1 of the Dungeon.
             The game lasted 00:01:15 (173 turns).

tidbits the Charmwright (Gnoll Skald)                Turns: 173, Time: 00:01:15

Health: 20/20      AC:  3    Str: 13    XL:     1   Next: 30%
Magic:  6/6        EV: 14    Int: 15    God:
Gold:   8          SH:  0    Dex: 14    Spells: 8/9 levels left

rFire    . . .     SeeInvis .   a - +0 hand axe
rCold    . . .     Gourm    .   (no shield)
rNeg     . . .     Faith    .   b - +0 leather armour
rPois    .         Spirit   .   (no helmet)
rElec    .         Reflect  .   (no cloak)
rCorr    .         Harm     .   (no gloves)
MR       .....                  (no boots)
Stlth    +.........             (no amulet)
HPRegen  0.06/turn              (no ring)
MPRegen  0.10/turn              (no ring)

@: no status effects
A: distributed training, fangs 1, strong nose
a: no special abilities


You were on level 1 of the Dungeon.
You were not hungry.

You visited 1 branch of the dungeon, and saw 2 of its levels.

You collected 8 gold pieces.

Inventory:

Hand Weapons
 a - a +0 hand axe (weapon)
 h - a cursed +0 dagger
Missiles
 i - 4 stones (quivered)
Armour
 b - a +0 leather armour (worn)
 g - a +0 ring mail
Scrolls
 f - a scroll of amnesia {unknown}
 j - a scroll of remove curse {unknown}
 k - a scroll of random uselessness {unknown}
Potions
 e - a potion of might {unknown}
Books
 c - a book of Battle

   Spells                             Type                      Level
   a - Infusion                       Charms                       1
   b - Shroud of Golubria             Charms/Translocation         2
   c - Song of Slaying                Charms                       2
   d - Spectral Weapon                Hexes/Charms                 3
   e - Regeneration                   Charms/Necromancy            3
Comestibles
 d - a ration


   Skills:
 + Level 4.4 Fighting
 + Level 0.0 Short Blades
 + Level 0.0 Long Blades
 + Level 4.4 Axes
 + Level 0.0 Maces & Flails
 + Level 0.0 Polearms
 + Level 0.0 Staves
 + Level 0.0 Slings
 + Level 0.0 Bows
 + Level 0.0 Crossbows
 + Level 0.0 Throwing
 + Level 2.3 Armour
 + Level 4.4 Dodging
 + Level 0.0 Stealth
 + Level 0.0 Shields
 + Level 0.0 Unarmed Combat
 + Level 4.8 Spellcasting
 + Level 0.0 Conjurations
 + Level 0.0 Hexes
 + Level 5.3 Charms
 + Level 0.0 Summonings
 + Level 0.0 Necromancy
 + Level 0.0 Translocations
 + Level 0.0 Transmutations
 + Level 0.0 Fire Magic
 + Level 0.0 Ice Magic
 + Level 0.0 Air Magic
 + Level 0.0 Earth Magic
 + Level 0.0 Poison Magic
 + Level 0.0 Invocations
 + Level 0.0 Evocations


You had 8 spell levels left.
You knew the following spells:

 Your Spells              Type           Power        Failure   Level  Hunger
i - Infusion              Chrm           ###.         2%          1    None


Dungeon Overview and Level Annotations

Branches:
Dungeon (2/15)

Altars:

Annotations:
D:2 Robin


Innate Abilities, Weirdness & Mutations

Your experience applies equally to all skills.
You have very sharp teeth.
Your uncanny sense of smell can sniff out nearby items.


Message History

Welcome, tidbits the Gnoll Skald.
It is said that the Orb of Zot exists deep within this dungeon.
Press ? for a list of commands and other information.
Found a sapphire potion and a scroll labeled VOAPAS FOHELIE.
Found a staircase leading out of the dungeon.
You see here a sapphire potion.
e - a sapphire potion You see here a scroll labeled VOAPAS FOHELIE.
f - a scroll labeled VOAPAS FOHELIE
Found a ring mail.
You see here a ring mail.
g - a ring mail A kobold comes into view.
It is wielding a dagger.
Found a scroll labeled KEIGAJATIPH.
Casting: Infusion
Confirm with . or Enter, or press ? or * to list all spells.
You don't know that spell.
Casting: Infusion
Confirm with . or Enter, or press ? or * to list all spells.
You begin infusing your attacks with magical energy.
The kobold throws a stone.
The stone hits you.
You see here a stone.
The kobold hits you with a dagger.
You hit the kobold.
You kill the kobold!
Things that are here:
a dagger; 4 stones; a kobold corpse
h - a dagger;
i - 4 stones You see here a scroll labeled KEIGAJATIPH.
j - a scroll labeled KEIGAJATIPH
Found a scroll labeled XISY OMUOTE.
Unknown command.
You see here a scroll labeled XISY OMUOTE.
k - a scroll labeled XISY OMUOTE Your magical infusion is running out.
Found 8 gold pieces.
You see here 8 gold pieces.
You now have 8 gold pieces.
You are no longer magically infusing your attacks.
Found a hand axe.
You see here a hand axe.
Found a stone staircase leading down.
A hobgoblin comes into view. It is wielding a club.
The hobgoblin shouts!
Found a whip.
Casting: Infusion
Confirm with . or Enter, or press ? or * to list all spells.
You begin infusing your attacks with magical energy.
The hobgoblin closely misses you.
You hit the hobgoblin!
You kill the hobgoblin!
Things that are here:
a club; a whip
There is a stone staircase leading down here.
You climb downwards.
A frilled lizard, 5 goblins, 5 hobgoblins and Robin come into view.
The hobgoblin shouts! x3; The goblin shouts! x2; The hobgoblin shouts!
The goblin shouts!
The hobgoblin shouts!
The frilled lizard hisses angrily.
The goblin shouts!
You hear a shout!
Found a scroll labeled NUMUFE RA RUIN and a scroll labeled KEIGAJATIPH.
There is a stone staircase leading up here.
Unknown command.
Unknown command.
Unknown command.
Unknown command.
Unknown command.
Unknown command.
Unknown command.
Unknown command.
Unknown command.
Robin throws the goblin at you!
You climb upwards.
There is a stone staircase leading down here.
Unknown command.
Your magical infusion is running out.
You are no longer magically infusing your attacks.
Are you sure you want to abandon this character and quit the game? (Confirm with "yes".)

###################
#.@................
#.#################
#.# #
###############.# #
................####
##### #
##..............##..
...# ##
#.###########.###.#
#####.###. ##.# #.#
#.# #......>.. .#.#
#.# #.# #.###.#)..


There were no monsters in sight!

Vanquished Creatures
  A hobgoblin (D:1)
  A kobold (D:1)
2 creatures vanquished.

Notes
Turn   | Place    | Note
-------+----------+-------------------------------------------
     0 | D:1      | tidbits the Gnoll Skald began the quest for the Orb.
     0 | D:1      | Reached XP level 1. HP: 20/20 MP: 6/6
   136 | D:2      | Noticed Robin
   173 | D:1      | Quit the game

Action                   || total
-------------------------++-------
Melee: Hand axe          ||     2
 Cast: Infusion          ||     2
Dodge: Dodged            ||     1

Table legend:
 A = Turns spent in this place as a percentage of turns spent in the entire game.
 B = Non-inter-level travel turns spent in this place as a percentage of non-inter-level travel turns spent in the entire game.
 C = Inter-level travel turns spent in this place as a percentage of turns spent in this place.
 D = Turns resting spent in this place as a percentage of non-inter-level travel turns spent in this place.
 E = Turns spent auto-exploring this place as a percentage of non-inter-level travel turns spent in this place.
 F = Non-inter-level travel turns spent in this place divided by the number of levels of this place that you've seen.
                   A       B       C       D       E      F
               +-------+-------+-------+-------+-------+----------------------
         Total | 100.0 | 100.0 |   0.0 |   0.0 |   0.0 |  86.5
       Dungeon | 100.0 | 100.0 |   0.0 |   0.0 |   0.0 |  86.5
               +-------+-------+-------+-------+-------+----------------------

Table legend:
 A = Kills in this place as a percentage of kills in entire the game.
 B = Kills by you in this place as a percentage of kills by you in the entire game.
 C = Kills by friends in this place as a percentage of kills by friends in the entire game.
 D = Other kills in this place as a percentage of other kills in the entire game.
 E = Experience gained in this place as a percentage of experience gained in the entire game.
 F = Experience gained in this place divided by the number of levels of this place that you have seen.
                   A       B       C       D       E      F
               +-------+-------+-------+-------+-------+----------------------
         Total | 100.0 | 100.0 |   N/A |   N/A | 100.0 |   1.5
       Dungeon | 100.0 | 100.0 |   N/A |   N/A | 100.0 |   1.5
               +-------+-------+-------+-------+-------+----------------------

Vault maps used:
D:1:      shiori_arrival_oz
D:2:      minmay_joined_circles, uniq_robin
